 Dungeon Crawl Stone Soup version 0.29-a0-231-g945431f764 (webtiles) character file.

Game seed: 3360092322609190457

198 Hasart the Shooter (level 5, -1/44 HPs)
             Began as a Demigod Hunter on Feb 28, 2022.
             Slain by a goblin
             ... wielding a +0 club
              (2 damage)
             ... on level 4 of the Dungeon.
             The game lasted 00:06:11 (3080 turns).

Hasart the Shooter (Demigod Hunter)                 Turns: 3080, Time: 00:06:12

Health: -1/44      AC:  3    Str: 13    XL:     5   Next: 23%
Magic:  7/7        EV: 12    Int: 13    God:
Gold:   142        SH:  0    Dex: 18    Spells: 4/4 levels left

rFire   . . .      SeeInvis .   a - +1 shortbow
rCold   . . .      Faith    .   (shield currently unavailable)
rNeg    . . .      Spirit   .   b - +0 leather armour
rPois   .          Reflect  .   (no helmet)
rElec   .          Harm     .   (no cloak)
rCorr   .          Rampage  .   (no gloves)
Will    .....                   (no boots)
Stlth   ++........              (no amulet)
HPRegen 0.14/turn               (no ring)
MPRegen 0.10/turn               (no ring)

@: no status effects
A: high MP 1, forlorn, divine attributes
a: no special abilities


You were on level 4 of the Dungeon.
You visited 1 branch of the dungeon, and saw 4 of its levels.

You collected 142 gold pieces.

Inventory:

Hand Weapons
 a - a +1 shortbow (weapon)
Missiles
 c - 2 throwing nets
Armour
 b - a +0 leather armour (worn)
Wands
 p - a wand of iceblast (10)
Scrolls
 e - a scroll of holy word {unknown}
 h - 4 scrolls of identify {unknown}
 l - a scroll of blinking {unknown}
 m - a scroll of magic mapping {unknown}
 r - a scroll of immolation {unknown}
 s - a scroll of fog {unknown}
Potions
 d - a potion of ambrosia {unknown}
 f - a potion of heal wounds {unknown}
 g - a potion of lignification {unknown}
 i - a potion of brilliance {unknown}
 j - a potion of magic {unknown}
 k - 3 potions of degeneration {unknown}
 n - a potion of mutation {unknown}
 o - a potion of invisibility {unknown}
 q - a potion of might {unknown}


   Skills:
 + Level 2.8 Fighting
 * Level 4.8 Bows
 + Level 2.7 Dodging
 + Level 2.4 Stealth


You had 4 spell levels left.
You didn't know any spells.
Your spell library contained the following spells:

 Spells                   Type           Power      Damage    Failure   Level
 Sandblast                Erth           0%         2d4       36%         1
 Passwall                 Tmut/Erth      0%         N/A       52%         2
 Stone Arrow              Conj/Erth      0%         3d7       75%         3
 Summon Guardian Golem    Hex/Summ       0%         N/A       75%         3
 Orb of Destruction       Conj           0%         9d5       100%        7
 Spellforged Servitor     Conj/Summ      0%         N/A       100%        7


Dungeon Overview and Level Annotations

Branches:
Dungeon (4/15)
 Temple: D:4-7

Shops:
D:1 !


Innate Abilities, Weirdness & Mutations

You have an increased reservoir of magic. (+10% MP)
You shall have no god before yourself.
Your divine heritage dramatically boosts your attributes as you level up.


Message History

You are confused.
The orc wizard casts a spell at you. You resist with some effort.
You hear a shout!
An orc comes into view. It is wielding a +0 club.
The orc closely misses you. The phantom hits you!
The phantom blinks!
You blink.
The orc wizard mumbles some strange words.
The orc wizard flickers and vanishes!
Deactivating autopickup; reactivate with Ctrl-A.
The orc hits you with a +0 club.
You clumsily bash the phantom but do no damage.
The phantom is lightly damaged.
You feel less confused. The phantom hits you!
The phantom blinks!
You blink.
The phantom barely misses you.
The orc throws a boomerang.
The boomerang barely misses you. The orc hits you but does no damage.
You hear some strange, mumbled words.
You are confused.
The orc throws a boomerang.
The boomerang hits you.
You clumsily bash the orc but do no damage.
The orc barely misses you. The goblin hits you with a +0 club.
The orc hits you with a +0 club. Something hits you but does no damage.
The orc hits you but does no damage.
You clumsily bash the orc but do no damage.
Something hits you. The orc hits you with a +0 club.
The orc closely misses you. The orc hits you with a +0 war axe!
* * * LOW HITPOINT WARNING * * *
The goblin barely misses you. The orc hits you with a +0 club.
* * * LOW HITPOINT WARNING * * *
The orc hits you with a +0 club.
* * * LOW HITPOINT WARNING * * *
Something hits you.
* * * LOW HITPOINT WARNING * * *
You barely miss the goblin.
You feel less confused. The orc completely misses you.
The orc barely misses you. The goblin hits you with a +0 club.
You die...

## ##..........
###...####... .......#
##...........####......
##.....##.......#.##....
##......#..##......#..<..
#........................
##......................#.
#.#.....#..oo.#.............
...........@.o#.....#......†
.#.<..goW.............).
#..........#...#.......
#..........#...##...)#.
#...)......#.....g...#.
##.............###.....
#####..###.##.# #.....
##........PPP.....
....###.P.PP ....


You could see a phantom, 4 orcs and a goblin.

Vanquished Creatures
  An ogre (D:4)
  2 gnolls
  2 adders
  A worm (D:2)
  6 dart slugs
  2 orcs
  7 bats
  7 endoplasms
  3 giant cockroaches
  5 goblins
  6 hobgoblins
  3 quokkas
  7 ball pythons
  2 kobolds
  6 rats
60 creatures vanquished.

Notes
Turn   | Place    | Note
-------+----------+-------------------------------------------
     0 | D:1      | Hasart the Demigod Hunter began the quest for the Orb.
     0 | D:1      | Reached XP level 1. HP: 17/17 MP: 3/3
    37 | D:1      | Found Tecuomuw's Distillery.
   150 | D:1      | Reached skill level 1 in Stealth
   243 | D:1      | Reached XP level 2. HP: 24/24 MP: 4/4
   375 | D:1      | Reached skill level 4 in Bows
   689 | D:1      | Reached XP level 3. HP: 29/29 MP: 5/5
  2106 | D:3      | Reached XP level 4. HP: 37/37 MP: 6/6
  2197 | D:3      | Noticed a great orb of eyes
  2204 | D:3      | Noticed a golden eye
  2208 | D:3      | Noticed an eye of devastation
  2214 | D:3      | Noticed a shining eye
  2853 | D:4      | Noticed a phantom
  2981 | D:4      | Noticed an ogre
  2986 | D:4      | Killed an ogre
  2987 | D:4      | Reached XP level 5. HP: 40/44 MP: 7/7
  3079 | D:4      | HP: 1/44 [something (4)]
  3080 | D:4      | Slain by a goblin

Illustrated notes

Levels and vault maps discovered:
D:1:      wheals_arrival_linesprint, layout_basic, serial_shops,
          nicolae_shop_stone, minmay_three_crescents
D:2:      layout_loops_cross
D:3:      layout_basic, hellmonk_ecumenical_altar_watching_god, minmay_pentangle
D:4:      layout_cave_pools, fedhas_altar_3

Skill      XL: |  1  2  3  4 |
---------------+-------------+-----
Stealth        | 1 2 |  2.4
Dodging        | 2 |  2.7
Fighting       | 2 |  2.8
Bows           | 4 |  4.8

Action                   |  1- 3 |  4- 6 || total
-------------------------+-------+-------++-------
Melee: Shortbow          |       |     4 ||     4
 Fire: Shortbow          |   114 |    42 ||   156
Armor: Leather armour    |     8 |     4 ||    12
Dodge: Dodged            |    32 |    20 ||    52

Table legend: (Time is in decaauts)
 A = Elapsed time spent in this place.
 B = Non-inter-level travel time spent in this place.
 C = Inter-level travel time spent in this place.
 D = Time resting spent in this place.
 E = Time spent auto-exploring this place.
 F = Levels seen in this place.
 G = Mean time per level.
                   A        B        C        D        E       F      G
               +--------+--------+--------+--------+--------+-----+--------+
         Total |   3135 |   2937 |    198 |    248 |   2302 |   4 |  783.8 |
       Dungeon |   3135 |   2937 |    198 |    248 |   2302 |   4 |  783.8 |
               +--------+--------+--------+--------+--------+-----+--------+

Top non-repeatable levels by time:
     D:1: 1353 daAuts
     D:3: 953 daAuts
     D:2: 709 daAuts
     D:4: 119 daAuts
